 Dungeon Crawl Stone Soup version 0.18-a0-1027-g814d7dd (webtiles) character file.

189 Arkorax the Skirmisher (level 5, 0/47 HPs)
             Began as a Demigod Fighter on Jan 8, 2016.
             Killed from afar by Sigmund (10 damage)
             ... with a puff of flame
             ... on level 3 of the Dungeon.
             The game lasted 00:04:53 (2518 turns).

Arkorax the Skirmisher (Demigod Fighter)            Turns: 2518, Time: 00:04:53

Health: 0/47       AC:  8    Str: 19    XL:     5   Next: 16%
Magic:  7/7        EV:  9    Int: 12    God:
Gold:   135        SH:  0    Dex: 22    Spells: 0 memorised, 4 levels left

rFire  . . .     SeeInvis .     a - +0 long sword
rCold  . . .     Gourm    .     b - +0 scale mail
rNeg   . . .     Faith    .     (no shield)
rPois  .         Spirit   .     t - +0 helmet
rElec  .         Dismiss  .     (no cloak)
rCorr  .         Reflect  .     (no gloves)
SustAt +         Harm     .     g - +0 pair of boots
MR     .....                    (no amulet)
Stlth  ..........               (no ring)
                                o - +5 ring of dexterity

@: confused, very slightly contaminated, invisible, not resistant to hostile
enchantments, extremely unstealthy
A: high mp 1, sustain attributes
a: no special abilities


You were on level 3 of the Dungeon.
You were not hungry.

You visited 1 branch of the dungeon, and saw 3 of its levels.

You collected 135 gold pieces.

Inventory:

Hand Weapons
 a - a +0 long sword (weapon)
Armour
 b - a +0 scale mail (worn)
 g - a +0 pair of boots (worn)
 s - a +2 robe of the Archmagi
 t - a +0 helmet (worn)
Jewellery
 e - an uncursed ring of fire
 o - a +5 ring of dexterity (left hand)
 v - a cursed amulet of inaccuracy {unknown}
Scrolls
 c - a scroll of amnesia {unknown}
 i - a scroll of noise {unknown}
 j - 3 scrolls of identify {unknown}
 m - a scroll of recharging {unknown}
 n - 2 scrolls of remove curse {unknown}
 q - a scroll of magic mapping {unknown}
 u - a scroll of enchant weapon {unknown}
Potions
 d - a potion of might
 k - a potion of degeneration {unknown}
 w - a potion of heal wounds {unknown}
 x - a potion of curing {unknown}
Comestibles
 f - 3 bread rations
 l - 8 fruits
 p - a beef jerky
 r - 2 meat rations


   Skills:
 + Level 4.5 Fighting
 + Level 3.6 Long Blades
 - Level 2.6 Armour
   Level 2.6 Shields


You had 4 spell levels left.
You didn't know any spells.

Dungeon Overview and Level Annotations

Branches:
Dungeon (3/15)

Annotations:
D:3 Sigmund


Innate Abilities, Weirdness & Mutations

You have an increased reservoir of magic (+10% MP).
Your attributes are resistant to harm.


Message History

An orc comes into view. It is wielding a whip of freezing.
You hear some strange, mumbled words.
You are more confused.
The orc shouts!
You hear some strange, mumbled words.
A magic dart appears from out of thin air!
The magic dart hits you!
* * * LOW HITPOINT WARNING * * *
You bump into the rock wall.
The orc shouts!
Something hits you but does no damage.
You bump into the rock wall.
The orc shouts!
You bump into the rock wall.
You hear a zap.
Something tries to affect you, but you resist.
You miss something.
You hear some strange, mumbled words.
A puff of flame appears from out of thin air!
The puff of flame hits you!
You die...

#.#...o....
#..$#
#########(###.#
...[....(((...#
#########o#####
#(# #o#
########.#
#<..)...@#
#)######## #.#
#.# #.# #.# #.#
#[#


You could see 2 orcs.

Vanquished Creatures
  Jessica (D:2)
  Robin (D:2)
  4 adders
  2 oozes (D:1)
  An adder skeleton (D:2)
  3 worms (D:2)
  A giant gecko (D:1)
  3 orcs (D:3)
  A giant cockroach (D:3)
  11 hobgoblins
  9 jackals
  A ball python (D:3)
  5 bats
  8 giant newts
  23 goblins
  10 kobolds
  3 rats (D:1)
87 creatures vanquished.

Notes
Turn   | Place    | Note
--------------------------------------------------------------
     0 | D:1      | Arkorax the Demigod Fighter began the quest for the Orb.
     0 | D:1      | Reached XP level 1. HP: 18/18 MP: 3/3
    48 | D:1      | Reached skill level 3 in Fighting
   361 | D:1      | Reached XP level 2. HP: 26/26 MP: 4/4
   726 | D:1      | Reached XP level 3. HP: 28/31 MP: 5/5
  1159 | D:2      | Noticed Jessica
  1175 | D:2      | Reached XP level 4. HP: 25/40 MP: 6/6
  1411 | D:2      | Killed Jessica
  1411 | D:2      | Reached skill level 4 in Fighting
  1582 | D:2      | Noticed Robin
  1935 | D:2      | Killed Robin
  1935 | D:2      | Reached XP level 5. HP: 24/47 MP: 7/7
  2269 | D:3      | Noticed Sigmund
  2518 | D:3      | Killed from afar by Sigmund

Vault maps used:
D:1:      eino_arrival_water_cross
D:2:      kennysheep_goblin_castle, uniq_jessica
D:3:      fedhas_altar_4, uniq_sigmund

Action                   |  1- 3 |  4- 6 || total
-------------------------+-------+-------++-------
Melee: Long sword        |   154 |   132 ||   286
  Use: Potion            |       |     2 ||     2
  Eat: Chunk             |     1 |     3 ||     4
       Bread ration      |       |     1 ||     1
